 Dungeon Crawl Stone Soup version 0.31-a0-232-gb1c03b2570 (webtiles) character file.

Game seed: 18329518357990587327

109 qw the Shooter (level 4, -3/36 HPs)
             Began as a Minotaur Hexslinger on July 7, 2023.
             Slain by a gnoll
             ... wielding a +0 flail
              (9 damage)
             ... on level 2 of the Dungeon.
             The game lasted 00:00:25 (1421 turns).

qw the Shooter (Minotaur Hexslinger)                Turns: 1421, Time: 00:00:25

Health: -3/36      AC:  2    Str: 19    XL:     4   Next: 59%
Magic:  4/4        EV: 12    Int: 10    God:
Gold:   105        SH:  0    Dex: 14    Spells: 4/5 levels left

rFire   . . .        Y - +1 sling
rCold   . . .        (no shield)
rNeg    . . .        c - +0 robe
rPois   .            (helmet restricted)
rElec   .            (no cloak)
rCorr   .            (no gloves)
SInv    .            (no boots)
Will    .....        (no amulet)
Stlth   +            d - +6 ring of strength
HPRegen 0.26/turn    (no ring)
MPRegen 0.09/turn

%: no passive effects
@: no status effects
A: horns 2, retaliatory headbutt
a: no special abilities


You were on level 2 of the Dungeon.
You visited 1 branch of the dungeon, and saw 2 of its levels.

You collected 105 gold pieces.


Innate Abilities, Weirdness & Mutations

You have a pair of horns on your head.
You reflexively headbutt those who attack you in melee.


   Skills:
 + Level 2.1 Fighting
 - Level 5.1 Ranged Weapons
 - Level 2.1 Dodging
 - Level 1.0 Spellcasting
 - Level 2.0 Hexes


You had 4 spell levels left.
You knew the following spells:

 Your Spells              Type           Power      Damage    Failure   Level
a - Slow                  Hex            16%        N/A       16%         1

Your spell library contained the following spells:

 Spells                   Type           Power      Damage    Failure   Level
 Inner Flame              Hex/Fire       2%         N/A       56%         3
 Portal Projectile        Hex/Tloc       4%         N/A       56%         3
 Cause Fear               Hex            2%         N/A       83%         4

Inventory:

Hand Weapons
 Y - a +1 sling (weapon)
Armour
 c - a +0 robe (worn)
Jewellery
 d - a +6 ring of strength (left hand)
Scrolls
 a - a scroll of enchant weapon {unknown}
Potions
 b - a potion of might {unknown}
 e - a potion of degeneration {unknown}
 f - a potion of brilliance {unknown}
 h - 2 potions of enlightenment {unknown}

Dungeon Overview and Level Annotations

Branches:
Dungeon (2/15)

Altars:

Shops:
D:2 *


Message History

Enter note:
Enter note:
There is a stone staircase leading down here. 2 gnolls come into view.
The gnoll shouts! x2
Enter note:
Enter note:
Enter note:
Enter note:
Enter note:
Enter note:
Enter note:
Enter note:
Enter note: You shoot a sling bullet.
The sling bullet hits the gnoll.
The gnoll is moderately wounded.
A gnoll comes into view. It is wielding a +0 club.
You shoot a sling bullet.
The sling bullet barely misses the gnoll.
The gnoll shouts!
The sling bullet hits the gnoll but does no damage.
You shoot a sling bullet.
The sling bullet barely misses the gnoll.
The sling bullet hits the gnoll.
The gnoll is moderately wounded.
You shoot a sling bullet.
The sling bullet completely misses the gnoll.
The sling bullet barely misses the gnoll.
You shoot a sling bullet.
The sling bullet hits the gnoll but does no damage.
The gnoll is moderately wounded.
You shoot a sling bullet.
The sling bullet barely misses the gnoll.
The sling bullet hits the gnoll.
The gnoll is severely wounded.
The gnoll hits you with a +0 flail! x2
You shoot a sling bullet. The sling bullet hits the gnoll.
The gnoll is severely wounded.
The gnoll hits you with a +0 flail! x2
You die...

#.###...... #.........#
#.....\...# #....\\\..#
#.....\...# #.........#
#..ggg....# #..@......+
#.........# #####.#########
#...#.# #.# #...#.# #.# #...#.#
#.#
##########...#.##############.#
..........................>##.#
##########...#.###########.##.#


You could see 3 gnolls.

Vanquished Creatures
  A scorpion (D:2)
  2 adders (D:2)
  A dart slug (D:1)
  5 endoplasms
  2 giant cockroaches
  3 hobgoblins
  3 jackals (D:2)
  A kobold (D:1)
  2 quokkas
  2 bats (D:1)
  A frilled lizard (D:1)
  A goblin (D:2)
  6 rats
30 creatures vanquished.

Notes
Turn   | Place    | Note
-------+----------+-------------------------------------------
     0 | D:1      | qw the Minotaur Hexslinger began the quest for the Orb.
     0 | D:1      | Reached XP level 1. HP: 16/16 MP: 1/1
     0 | D:1      | 0 ||| qw: Version: 0.3-a-46-gb1f654a
     0 | D:1      | 0 ||| qw: Game counter: 2723
     0 | D:1      | 0 ||| qw: Melee chars always use a shield: true
     0 | D:1      | 0 ||| qw: God list: Okawaru
     0 | D:1      | 0 ||| qw: Allow faded altars: false
     0 | D:1      | 0 ||| qw: Do Orc after clearing Dungeon:15 true
     0 | D:1      | 0 ||| qw: Do second Lair branch before Depths: true
     0 | D:1      | 0 ||| qw: Lair rune preference: random
     0 | D:1      | 0 ||| qw: Goals: Normal
     0 | D:1      | 0 ||| PLANNING D:1-11
   258 | D:1      | Reached skill level 3 in Ranged Weapons
   258 | D:1      | Reached XP level 2. HP: 23/23 MP: 2/2
   533 | D:1      | 533 ||| UPGRADING to +6 ring of strength.
   534 | D:1      | 534 ||| READING scroll labelled YFEUWU ISUASKOZ.
   535 | D:1      | 535 ||| DROPPING scroll of poison.
   670 | D:2      | Reached XP level 3. HP: 26/29 MP: 3/3
   985 | D:2      | Reached skill level 4 in Ranged Weapons
  1076 | D:2      | Noticed a scorpion
  1082 | D:2      | Killed a scorpion
  1083 | D:2      | Reached skill level 5 in Ranged Weapons
  1083 | D:2      | Reached XP level 4. HP: 17/36 MP: 4/4
  1410 | D:2      | Found Jipteedgh's Assorted Antiques.
  1421 | D:2      | HP: 6/36 [gnoll/+0 flail (11)]
  1421 | D:2      | Slain by a gnoll

Levels and vault maps discovered:
D:1:      matt_arrival_spirals, layout_rooms, minmay_misc_feat_nine_boxes
D:2:      layout_basic, serial_shops, nicolae_shop_dealshenge

Skill      XL: |  1  2  3 |
---------------+----------+-----
Ranged Weapons | 3 5 |  5.1
Fighting       | 2 |  2.1
Dodging        | |  2.1
Spellcasting   | |  1.0
Hexes          | |  2.0

Action                     |  1- 3 |  4- 6 || total
---------------------------+-------+-------++-------
   Fire: Sling             |    87 |    14 ||   101
    Use: Scroll            |     1 |       ||     1
 Armour: Robe              |     4 |       ||     4
  Dodge: Dodged            |    17 |       ||    17

Table legend:
 A = Non-vault XP
 B = Vault XP
 C = Vault XP percentage of total XP
 D = Non-vault monster count
 E = Vault monster count
 F = Vault count percentage of total count
                 A         B        C        D         E       F
            +---------+---------+-------+---------+---------+-------
      Total |     156 |       0 |   0.0 |      30 |       0 |   0.0
            +---------+---------+-------+---------+---------+-------
        D:1 |      23 |       0 |   0.0 |      12 |       0 |   0.0
        D:2 |     133 |       0 |   0.0 |      18 |       0 |   0.0
            +---------+---------+-------+---------+---------+-------
